SA
YELLOWKNIFE DRAGONBLOOD @ VALLEY BLUE SOX
08/03/2032
 
TOP OF THE 1ST
Yellowknife Dragonblood batting - Pitching for Valley Blue Sox : RHP Jeff Merritt
Pitching: RHP Jeff Merritt
Batting: SHB Gerrie Bond 0-0: Ball
1-0: Foul Ball, location: 2F
1-1: Swinging Strike
1-2: Ball
2-2: Ball
3-2: Strikes out swinging
Batting: RHB Cruz Orneleas 0-0: Ball
1-0: Ball
2-0: Fly out, F8 (Flyball, 8LD)
Batting: SHB Bren Spillane 0-0: Called Strike
0-1: Foul Ball, location: 2F
0-2: Strikes out swinging
Top of the 1st over - 0 runs, 0 hits, 0 errors, 0 left on base; Yellowknife 0 - Valley 0
BOTTOM OF THE 1ST
Valley Blue Sox batting - Pitching for Yellowknife Dragonblood : LHP Tony Torres
Pitching: LHP Tony Torres
Batting: RHB Cisco Beltrán 0-0: Swinging Strike
0-1: Foul Ball, location: 2F
0-2: Strikes out looking
Batting: RHB Roy Burns 0-0: Ball
1-0: Fly out, F7 (Flyball, 78D)
Batting: RHB Dallas Jiménez 0-0: Swinging Strike
0-1: Ball
1-1: Foul Ball, location: 2F
1-2: Ball
2-2: Foul Ball, location: 2F
2-2: Strikes out swinging
Bottom of the 1st over - 0 runs, 0 hits, 0 errors, 0 left on base; Yellowknife 0 - Valley 0
TOP OF THE 2ND
Yellowknife Dragonblood batting - Pitching for Valley Blue Sox : RHP Jeff Merritt
Batting: SHB Miklos Elias 0-0: Swinging Strike
0-1: Ball
1-1: Foul Ball, location: 2F
1-2: Strikes out swinging
Batting: RHB Víctor Murguia 0-0: Ball
1-0: Called Strike
1-1: Swinging Strike
1-2: Strikes out swinging
Batting: RHB Fernando González 0-0: Called Strike
0-1: Ball
1-1: Swinging Strike
1-2: Ball
2-2: Ball
3-2: Foul Ball, location: 2F
3-2: Base on Balls
Batting: RHB Mitsuhide Bando 0-0: Called Strike
0-1: Swinging Strike
0-2: Foul Ball, location: 2F
0-2: DOUBLE (Line Drive, 89D)
Fernando González to third
Runner from 3rd tries for Home, SAFE, throw made at trailing runner, SAFE at third!
Batting: SHB Jim Dunleavy 0-0: Swinging Strike
0-1: Foul Ball, location: 2F
0-2: SINGLE (Flyball, 9LS)
Mitsuhide Bando scores
Batting: SHB Lai-hsiang Loh 0-0: Swinging Strike
0-1: Fly out, F9 (Flyball, 9D)
Top of the 2nd over - 2 runs, 2 hits, 0 errors, 1 left on base; Yellowknife 2 - Valley 0
BOTTOM OF THE 2ND
Valley Blue Sox batting - Pitching for Yellowknife Dragonblood : LHP Tony Torres
Batting: RHB Mark Lizárraga 0-0: SINGLE (Groundball, 6MD)
Batting: LHB Henry Madore 0-0: Swinging Strike
0-1: Foul Ball, location: 2F
0-2: Ball
1-2: Foul Ball, location: 2F
1-2: Strikes out swinging
Batting: RHB Tomás Cameros 0-0: Called Strike
0-1: Ball
1-1: Ball
2-1: Swinging Strike
2-2: Strikes out swinging
Batting: RHB Melvin Daniels 0-0: Ball
1-0: Ball
2-0: Foul Ball, location: 2F
2-1: Called Strike
2-2: Foul Ball, location: 2F
2-2: Strikes out swinging
Bottom of the 2nd over - 0 runs, 1 hit, 0 errors, 1 left on base; Yellowknife 2 - Valley 0
TOP OF THE 3RD
Yellowknife Dragonblood batting - Pitching for Valley Blue Sox : RHP Jeff Merritt
Batting: SHB Gerrie Bond 0-0: Ball
1-0: Foul Ball, location: 2F
1-1: Swinging Strike
1-2: Strikes out swinging
Batting: RHB Cruz Orneleas 0-0: Ball
1-0: Ball
2-0: Fly out, F9 (Line Drive, 9)
Batting: SHB Bren Spillane 0-0: Ball
1-0: Swinging Strike
1-1: Swinging Strike
1-2: Foul Ball, location: 2F
1-2: Strikes out looking
Top of the 3rd over - 0 runs, 0 hits, 0 errors, 0 left on base; Yellowknife 2 - Valley 0
BOTTOM OF THE 3RD
Valley Blue Sox batting - Pitching for Yellowknife Dragonblood : LHP Tony Torres
Batting: RHB Marvin Overbeek 0-0: Swinging Strike
0-1: Swinging Strike
0-2: Ball
1-2: Strikes out looking
Batting: RHB José Álvarez 0-0: Foul Ball, location: 2F
0-1: Foul Ball, location: 2F
0-2: Foul Ball, location: 2F
0-2: Ball
1-2: Strikes out looking
Batting: RHB Cisco Beltrán 0-0: Ball
1-0: Called Strike
1-1: Ball
2-1: Reached via error on a dropped throw, E1
Batting: RHB Roy Burns Pickoff Throw to First - Out!
Bottom of the 3rd over - 0 runs, 0 hits, 1 error, 0 left on base; Yellowknife 2 - Valley 0
TOP OF THE 4TH
Yellowknife Dragonblood batting - Pitching for Valley Blue Sox : RHP Jeff Merritt
Batting: SHB Miklos Elias 0-0: Ball
1-0: Foul Ball, location: 2F
1-1: Ball
2-1: Ball
3-1: Called Strike
3-2: Strikes out swinging, 2-3 out at first.
Batting: RHB Víctor Murguia 0-0: Ball
1-0: SINGLE (Line Drive, 8LS)
Batting: RHB Fernando González 0-0: Ball
1-0: Ball
2-0: Called Strike
2-1: Ball
3-1: Base on Balls
Víctor Murguia to second
Batting: RHB Mitsuhide Bando 0-0: Ball
1-0: Fly out, F7 (Flyball, 7)
Batting: SHB Jim Dunleavy 0-0: Swinging Strike
0-1: Ball
1-1: Ball
2-1: Called Strike
2-2: Fielders Choice at 2nd, U4 (Groundball, 4M)
Top of the 4th over - 0 runs, 1 hit, 0 errors, 2 left on base; Yellowknife 2 - Valley 0
BOTTOM OF THE 4TH
Valley Blue Sox batting - Pitching for Yellowknife Dragonblood : LHP Tony Torres
Batting: RHB Roy Burns 0-0: Ball
1-0: Ball
2-0: Foul Ball, location: 2F
2-1: Swinging Strike
2-2: Foul Ball, location: 2F
2-2: Ball
3-2: Reached on error, E5 (Groundball, 56)
Batting: RHB Dallas Jiménez 0-0: Ball
1-0: Ball
2-0: Fly out, F8 (Flyball, 8LD)
Batting: RHB Mark Lizárraga 0-0: Called Strike
0-1: Ball
1-1: Reached on error, E5 (Groundball, 56S)
Roy Burns to second
Batting: LHB Henry Madore 0-0: Called Strike
0-1: Foul Ball, location: 2F
0-2: Ball
1-2: Strikes out swinging
Batting: RHB Tomás Cameros 0-0: Ball
1-0: Fly out, F8 (Flyball, 8RXD)
Bottom of the 4th over - 0 runs, 0 hits, 2 errors, 2 left on base; Yellowknife 2 - Valley 0
TOP OF THE 5TH
Yellowknife Dragonblood batting - Pitching for Valley Blue Sox : RHP Jeff Merritt
Batting: SHB Lai-hsiang Loh 0-0: Ball
1-0: Called Strike
1-1: Ground out 4-3 (Groundball, 4S)
Batting: SHB Gerrie Bond 0-0: Called Strike
0-1: Foul Ball, location: 2F
0-2: Foul Ball, location: 2F
0-2: Ball
1-2: Ball
2-2: Strikes out swinging
Batting: RHB Cruz Orneleas 0-0: Ball
1-0: Called Strike
1-1: Swinging Strike
1-2: Strikes out swinging
Top of the 5th over - 0 runs, 0 hits, 0 errors, 0 left on base; Yellowknife 2 - Valley 0
BOTTOM OF THE 5TH
Valley Blue Sox batting - Pitching for Yellowknife Dragonblood : LHP Tony Torres
Batting: RHB Melvin Daniels 0-0: Foul Ball, location: 2F
0-1: Ball
1-1: Ball
2-1: Ball
3-1: Base on Balls
Batting: RHB Marvin Overbeek Pickoff Throw to First - Out!
0-0: Foul Ball, location: 2F
0-1: Ball
1-1: SINGLE (Groundball, 34S) (infield hit)
Batting: RHB José Álvarez 0-0: Fielders Choice at 2nd, 6-4 (Groundball, 6)
Batting: RHB Cisco Beltrán 0-0: Ground out 6-3 (Groundball, 6M)
Bottom of the 5th over - 0 runs, 1 hit, 0 errors, 1 left on base; Yellowknife 2 - Valley 0
TOP OF THE 6TH
Yellowknife Dragonblood batting - Pitching for Valley Blue Sox : RHP Jeff Merritt
Batting: SHB Bren Spillane 0-0: Ground out 4-3 (Groundball, 4)
Batting: SHB Miklos Elias 0-0: Ball
1-0: Ball
2-0: Ball
3-0: Called Strike
3-1: Base on Balls
Batting: RHB Víctor Murguia 0-0: Called Strike
0-1: SINGLE (Groundball, 56D)
Miklos Elias to second
Batting: RHB Fernando González 0-0: Ball
1-0: Ball
2-0: Fly out, F4 (Line Drive, 4M)
Batting: RHB Mitsuhide Bando 0-0: Ball
1-0: Swinging Strike
1-1: Ball
2-1: Ball
3-1: Swinging Strike
3-2: Strikes out swinging
Top of the 6th over - 0 runs, 1 hit, 0 errors, 2 left on base; Yellowknife 2 - Valley 0
BOTTOM OF THE 6TH
Valley Blue Sox batting - Pitching for Yellowknife Dragonblood : LHP Tony Torres
Batting: RHB Roy Burns 0-0: Called Strike
0-1: Ground out 5-3 (Groundball, 56S)
Batting: RHB Dallas Jiménez 0-0: Called Strike
0-1: Called Strike
0-2: Foul Ball, location: 2F
0-2: Strikes out looking
Batting: RHB Mark Lizárraga 0-0: Foul Ball, location: 2F
0-1: Ball
1-1: Swinging Strike
1-2: Strikes out swinging
Bottom of the 6th over - 0 runs, 0 hits, 0 errors, 0 left on base; Yellowknife 2 - Valley 0
TOP OF THE 7TH
Yellowknife Dragonblood batting - Pitching for Valley Blue Sox : RHP Jeff Merritt
Batting: SHB Jim Dunleavy 0-0: DOUBLE (Line Drive, 8LD) - OUT at third base trying to stretch hit.
Batting: SHB Lai-hsiang Loh 0-0: Called Strike
0-1: Foul Ball, location: 2F
0-2: Foul Ball, location: 2F
0-2: Ball
1-2: Strikes out swinging
Batting: SHB Gerrie Bond 0-0: Ball
1-0: Ball
2-0: Ball
3-0: Called Strike
3-1: Fly out, F3 (Popup, 34)
Top of the 7th over - 0 runs, 1 hit, 0 errors, 0 left on base; Yellowknife 2 - Valley 0
BOTTOM OF THE 7TH
Valley Blue Sox batting - Pitching for Yellowknife Dragonblood : LHP Tony Torres
Batting: LHB Henry Madore 0-0: Foul Ball, location: 2F
0-1: Ball
1-1: Ball
2-1: Ball
3-1: Ground out 6-3 (Groundball, 6)
Batting: RHB Tomás Cameros 0-0: Ball
1-0: Ground out 6-3 (Groundball, 6)
Batting: RHB Melvin Daniels 0-0: Foul Ball, location: 2F
0-1: Ball
1-1: Ball
2-1: Ground out 4-3 (Groundball, 4S)
Bottom of the 7th over - 0 runs, 0 hits, 0 errors, 0 left on base; Yellowknife 2 - Valley 0
TOP OF THE 8TH
Yellowknife Dragonblood batting - Pitching for Valley Blue Sox : RHP Jeff Merritt
Batting: RHB Cruz Orneleas 0-0: Ball
1-0: Ball
2-0: Swinging Strike
2-1: Swinging Strike
2-2: Strikes out swinging
Batting: SHB Bren Spillane 0-0: Called Strike
0-1: Ball
1-1: Ball
2-1: Foul Ball, location: 2F
2-2: Foul Ball, location: 2F
2-2: Foul Ball, location: 2F
2-2: Foul Ball, location: 2F
2-2: Foul Ball, location: 2F
2-2: Strikes out swinging
Batting: SHB Miklos Elias 0-0: Called Strike
0-1: Called Strike
0-2: Ball
1-2: Ball
2-2: Ball
3-2: Base on Balls
Pitching: RHP Bob Kennedy
Batting: RHB Víctor Murguia 0-0: Ball
1-0: Called Strike
1-1: Called Strike
1-2: Strikes out swinging
Top of the 8th over - 0 runs, 0 hits, 0 errors, 1 left on base; Yellowknife 2 - Valley 0
BOTTOM OF THE 8TH
Valley Blue Sox batting - Pitching for Yellowknife Dragonblood : LHP Tony Torres
Batting: RHB Marvin Overbeek 0-0: Ball
1-0: Swinging Strike
1-1: Foul Ball, location: 2F
1-2: Strikes out swinging
Batting: RHB José Álvarez 0-0: Ball
1-0: Foul Ball, location: 2F
1-1: Ball
2-1: Ground out 6-3 (Groundball, 6)
Batting: RHB Cisco Beltrán 0-0: Ball
1-0: Ball
2-0: Swinging Strike
2-1: Ball
3-1: Base on Balls
Batting: RHB Roy Burns 0-0: Ball
1-0: SINGLE (Groundball, 4S) (infield hit)
Cisco Beltrán to second
Batting: RHB Dallas Jiménez 0-0: Ball
Passed Ball!
Cisco Beltrán to third
Roy Burns to second
1-0: Ball
2-0: Ball
3-0: Base on Balls
Pitching: RHP Kazuchika Okada
Batting: RHB Mark Lizárraga 0-0: Ball
1-0: Ball
2-0: Ball
3-0: Called Strike
3-1: Ground out 4-3 (Groundball, 4)
Bottom of the 8th over - 0 runs, 1 hit, 0 errors, 3 left on base; Yellowknife 2 - Valley 0
TOP OF THE 9TH
Yellowknife Dragonblood batting - Pitching for Valley Blue Sox : RHP Bob Kennedy
Batting: RHB Fernando González 0-0: Fly out, F9 (Flyball, 89D)
Batting: RHB Mitsuhide Bando 0-0: Ball
1-0: Foul Ball, location: 2F
1-1: Ball
2-1: Ball
3-1: Called Strike
3-2: SINGLE (Flyball, 8RS)
Batting: SHB Jim Dunleavy 0-0: Ball
1-0: Called Strike
1-1: Ball
2-1: Called Strike
2-2: Ball
3-2: Base on Balls
Mitsuhide Bando to second
Pitching: RHP Curt Wright
Batting: SHB Lai-hsiang Loh 0-0: Ball
1-0: Called Strike
1-1: Single, Error in OF, E8, batter to second base
Mitsuhide Bando scores
Jim Dunleavy to third
Batting: SHB Gerrie Bond 0-0: Intentional Walk
Batting: RHB Cruz Orneleas 0-0: Ball
1-0: Ball
2-0: Called Strike
2-1: Called Strike
2-2: Strikes out swinging
Batting: SHB Bren Spillane 0-0: Called Strike
0-1: Ball
1-1: Ball
2-1: Ball
3-1: Swinging Strike
3-2: Strikes out looking
Top of the 9th over - 1 run, 2 hits, 1 error, 3 left on base; Yellowknife 3 - Valley 0
BOTTOM OF THE 9TH
Valley Blue Sox batting - Pitching for Yellowknife Dragonblood : RHP Kazuchika Okada
Batting: LHB Henry Madore 0-0: Called Strike
0-1: Swinging Strike
0-2: Strikes out swinging
Batting: RHB Tomás Cameros 0-0: Called Strike
0-1: Fly out, F4 (Popup, 34)
Batting: RHB Melvin Daniels 0-0: Foul Ball, location: 2F
0-1: Ball
1-1: Ball
2-1: Fly out, F3 (Popup, 3SF)
Bottom of the 9th over - 0 runs, 0 hits, 0 errors, 0 left on base; Yellowknife 3 - Valley 0
Wednesday, September 19th, 2018 - OOTP Baseball 18.8 Build 76